 Dungeon Crawl Stone Soup version 0.31-a0-978-g1e143483b6 (webtiles) character file.

Game seed: 4331297885556014031

23 Xavori the Trooper (level 3, 0/30 HPs)
             Began as a Djinni Chaos Knight on Oct 31, 2023.
             Was a Plaything of Xom.
             Constricted to death by a ball python (1 damage)
             ... on level 2 of the Dungeon.
             The game lasted 00:00:52 (800 turns).

Xavori the Trooper (Djinni Chaos Knight)             Turns: 800, Time: 00:00:52

Health: 0/30       AC:  5    Str: 15    XL:     3   Next: 12%
Gold:   88         EV:  9    Int: 12    God:    Xom [...*..] SH:  0 Dex: 13

rFire   + + .        a - +0 falchion (chaos)
rCold   x . .        (no shield)
rNeg    . . .        b - +2 leather armour
rPois   ∞            (no helmet)
rElec   .            (no cloak)
rCorr   .            (no gloves)
SInv    .            (boots unavailable)
Will    .....        (no amulet)
Stlth   +            (no ring)
HPRegen 0.25/turn    (no ring)
MPRegen 0.00/turn

%: infuse magic (-1 HP)
@: flying, constricted
A: sickness immunity, fire resistance 2, cold vulnerability 1, float, innate
caster, HP casting, extra vitality 1, strong 1, inability to drink after injury
1, inability to read after injury 1
a: Renounce Religion


You were on level 2 of the Dungeon.
You worshipped Xom.
You were a favourite toy of Xom.
You visited 1 branch of the dungeon, and saw 2 of its levels.

You collected 88 gold pieces.

Inventory:

Hand Weapons
 a - a +0 falchion of chaos (weapon)
Armour
 b - a +2 leather armour (worn)
Scrolls
 c - a scroll of butterflies
 d - a scroll of identify {unknown}
 e - a scroll of amnesia {unknown}
 f - a scroll of brand weapon {unknown}
 g - 2 scrolls of teleportation {unknown}
 h - a scroll of noise {unknown}
Potions
 i - a potion of curing {unknown}


   Skills:
 + Level 3.2 Fighting
 + Level 3.0 Long Blades
 + Level 1.5 Armour
 + Level 2.6 Dodging


You knew the following spells:

 Your Spells              Type           Power      Damage    Failure   Level
a - Summon Small Mammal   Summ           0%         N/A       38%         1
Your spell library was empty.

Dungeon Overview and Level Annotations

Branches:
Dungeon (1/15)

Altars:
Trog

Shops:
D:1 [:


Innate Abilities, Weirdness & Mutations

You are immune to sickness and miasma.
You are immune to poison.
Your flesh is very heat resistant. (rF++)
You are vulnerable to cold. (rC-)
You float through the air rather than walking.
You learn spells naturally, not from books.
Your magical power is your life essence.
You have superior vitality. (+4 MHP)
Your muscles are strong. (Str +4, Int/Dex -1)
You occasionally lose the ability to drink potions when taking damage.
You occasionally lose the ability to read scrolls when taking damage.


Message History

You barely miss the ball python. The ball python barely misses you.
The ball python constricts you.
You closely miss the ball python. The ball python closely misses you.
The ball python constricts you. The ball python closely misses you.
The ball python constricts you.
You are too injured to fight recklessly!
You closely miss the adder. The adder bites you but does no damage.
The ball python bites you but does no damage.
The ball python constricts you.
* * * LOW HITPOINT WARNING * * *
You are too injured to fight recklessly!
You barely miss the adder. The adder bites you but does no damage.
The ball python bites you but does no damage.
The ball python constricts you.
You are too injured to fight recklessly!
You closely miss the adder. The adder barely misses you.
The ball python bites you but does no damage.
The ball python constricts you.
* * * LOW HITPOINT WARNING * * *
The adder bites you.
* * * LOW HITPOINT WARNING * * *
The ball python bites you.
* * * LOW HITPOINT WARNING * * *
The ball python constricts you.
You miss the adder. The adder bites you.
* * * LOW HITPOINT WARNING * * *
The ball python bites you but does no damage.
The ball python constricts you.
* * * LOW HITPOINT WARNING * * *
The adder bites you.
* * * LOW HITPOINT WARNING * * *
Unknown command.
You miss the adder.
The ball python bites you but does no damage.
The ball python constricts you. The adder bites you but does no damage.
You hit the adder but do no damage.
The ball python bites you but does no damage.
The ball python constricts you.
You die...
Xom thinks this is hilarious!

#######.#.#
..........#
#######.###
#.# #.# #.#
#.# #S# #@#
#S# #.# #.#
..# ###


You could see an adder and a ball python.

Vanquished Creatures
  An adder (D:2)
  2 ball pythons (D:1)
  A bat (D:1)
  An endoplasm (D:1)
  A goblin (D:1)
  3 hobgoblins
  A kobold (D:1)
  3 rats
13 creatures vanquished.

Notes
Turn   | Place    | Note
-------+----------+-------------------------------------------
     0 | D:1      | Xavori the Djinni Chaos Knight began the quest for the Orb.
     0 | D:1      | Reached XP level 1. HP: 20/20 MP: 0/0
    19 | D:1      | XOM: potion effect (might)
    25 | D:1      | Found Uworgheck's Armour Emporium.
    91 | D:1      | XOM: give mutations
    91 | D:1      | Gained mutation: You occasionally lose the ability to read
                  | scrolls when taking damage. [Xom's mischief]
    91 | D:1      | Gained mutation: Your muscles are strong. (Str +4, Int/Dex
                  | -1) [Xom's mischief]
    91 | D:1      | Gained mutation: You occasionally lose the ability to drink
                  | potions when taking damage. [Xom's mischief]
   100 | D:1      | Reached XP level 2. HP: 24/25 MP: 0/0
   156 | D:1      | Found a bloodstained altar of Trog.
   198 | D:1      | XOM: cloud trail
   227 | D:1      | Found Pets's Vocational Training.
   536 | D:1      | XOM: noise
   686 | D:1      | You are sucked into a shaft and drop 1 floor!
   784 | D:2      | XOM: noise
   792 | D:2      | Reached XP level 3. HP: 10/30 MP: 0/0
   792 | D:2      | Learned a level 1 spell: Summon Small Mammal
   798 | D:2      | HP: 1/30 [adder (1)]
   800 | D:2      | Constricted to death by a ball python

Illustrated notes

Levels and vault maps discovered:
D:1:      dpeg_arrival_water_altar, layout_loops_ring, serial_rivers,
          chequers_serial_rivers_small_a, chequers_serial_rivers_micro_b,
          chequers_serial_rivers_room_a, chequers_serial_rivers_micro_d,
          serial_shops, shop, minmay_crystal_room, minivault_5,
          nicolae_shop_vocational
D:2:      layout_basic, ebering_ecumenical_altar_hall, minmay_misc_feat_columns,
          hangedman_feature_mirror, uniq_jessica

Skill      XL: |  1  2 |
---------------+-------+-----
Long Blades    | 3 |  3.0
Fighting       | |  3.2
Armour         | |  1.5
Dodging        | |  2.6

Action                     || total
---------------------------++-------
  Melee: Falchion          ||    54
 Armour: Leather armour    ||    42
  Dodge: Dodged            ||    39

Table legend: (Time is in decaauts)
 A = Elapsed time spent in this place.
 B = Non-inter-level travel time spent in this place.
 C = Inter-level travel time spent in this place.
 D = Time resting spent in this place.
 E = Time spent auto-exploring this place.
 F = Levels seen in this place.
 G = Mean time per level.
                   A        B        C        D        E       F      G
               +--------+--------+--------+--------+--------+-----+--------+
         Total |    807 |    807 |      0 |      0 |    694 |   2 |  403.5 |
       Dungeon |    807 |    807 |      0 |      0 |    694 |   2 |  403.5 |
               +--------+--------+--------+--------+--------+-----+--------+

Top non-repeatable levels by time:
     D:1: 689 daAuts
     D:2: 118 daAuts
